 Seeded DCSS version 0.29.1-2-gbd0b4ee654 (webtiles) character file.

Game seed: 3311 (custom seed)

2750 Ashen the Grave Robber (level 9, -2/68 HPs)
             Began as a Demonspawn Necromancer on Oct 28, 2022.
             Was a Believer of Vehumet.
             Slain by an orc warrior
             ... wielding a +2 vampiric hand axe
              (11 damage)
             ... on level 8 of the Dungeon.
             The game lasted 00:25:41 (11543 turns).

Ashen the Grave Robber (Demonspawn Necromancer)    Turns: 11543, Time: 00:25:42

Health: -2/68      AC:  6    Str:  9    XL:     9   Next: 41%
Magic:  0/17       EV: 14    Int: 21    God:    Vehumet [**....]
Gold:   378        SH:  0    Dex: 13    Spells: 3/18 levels left

rFire   . . .      SeeInvis .   g - +0 short sword (venom)
rCold   . . .      Faith    .   (no shield)
rNeg    . . .      Spirit   .   k - +0 leather armour
rPois   +          Reflect  .   l - +0 helmet
rElec   .          Harm     .   v - +1 cloak {rPois}
rCorr   .          Rampage  .   (no gloves)
Will    .....                   (no boots)
Stlth   +++.......              (no amulet)
HPRegen 0.21/turn               (no ring)
MPRegen 0.15/turn               (no ring)

@: about to teleport
A: powered by pain 1, sturdy frame 2, weakness stinger 2
a: Renounce Religion


You were on level 8 of the Dungeon.
You worshipped Vehumet.
Vehumet was pleased with you.
You visited 1 branch of the dungeon, and saw 8 of its levels.

You collected 378 gold pieces.

Inventory:

Hand Weapons
 g - a +0 short sword of venom (weapon)
Armour
 k - a +0 leather armour (worn)
 l - a +0 helmet (worn)
 v - a +1 cloak of poison resistance (worn)
Scrolls
 a - a scroll of enchant armour {unknown}
 d - 3 scrolls of teleportation
 e - a scroll of amnesia {unknown}
 f - 4 scrolls of identify {unknown}
 j - 2 scrolls of noise {unknown}
 m - 2 scrolls of poison {unknown}
 o - a scroll of immolation {unknown}
 p - a scroll of vulnerability {unknown}
 s - a scroll of blinking {unknown}
 w - a scroll of fear {unknown}
Potions
 b - a potion of magic
 c - 3 potions of mutation {unknown}
 h - a potion of attraction
 i - 2 potions of resistance {unknown}
 n - 3 potions of curing
 q - 2 potions of flight {unknown}
 r - a potion of brilliance {unknown}
 t - a potion of berserk rage {unknown}
 u - a potion of might {unknown}


   Skills:
 + Level 5.2 Fighting
 + Level 5.4 Dodging
 - Level 5.0 Stealth
 + Level 5.3 Spellcasting
 + Level 4.4 Conjurations
 + Level 7.6 Necromancy


You had 3 spell levels left.
You knew the following spells:

 Your Spells              Type           Power      Damage    Failure   Level
a - Necrotise             Necr           100%       1d9       1%          1
b - Vampiric Draining     Necr           37%        2d8       1%          3
c - Animate Dead          Necr           37%        N/A       4%          4
d - Foxfire               Conj/Fire      56%        2x1d6     4%          1
e - Blink                 Tloc           10%        N/A       16%         2
f - Searing Ray           Conj           48%        2d6       2%          2
g - Sublimation of Blood  Necr           37%        N/A       1%          2

Your spell library contained the following spells:

 Spells                   Type           Power      Damage    Failure   Level
 Frozen Ramparts          Ice            10%        1d2       30%         3
 Gell's Gravitas          Tloc           5%         N/A       30%         3
 Lesser Beckoning         Tloc           5%         N/A       30%         3
 Teleport Other           Tloc           5%         N/A       30%         3
 Agony                    Necr           37%        N/A       13%         5
 Ice Form                 Ice/Tmut       5%         N/A       71%         4
 Petrify                  Tmut/Erth      5%         N/A       71%         4
 Summon Ice Beast         Ice/Summ       5%         N/A       71%         4
 Irradiate                Conj/Tmut      7%         3d14      75%         5
 Manifold Assault         Tloc           5%         N/A       96%         5
 Summon Mana Viper        Hex/Summ       5%         N/A       96%         5
 Dispersal                Tloc           2%         N/A       100%        6
 Monstrous Menagerie      Summ           2%         N/A       100%        7


Dungeon Overview and Level Annotations

Branches:
Dungeon (8/15)             Temple (0/1) D:6
   Lair: D:8-11

Altars:
Dithmenos
Fedhas
Gozag
Ru
Sif Muna
Trog
Vehumet
Wu Jian


Innate Abilities, Weirdness & Mutations

You sometimes gain a little power by taking damage.
Your movements are less encumbered by armour. (ER -4)
You have a tail ending in a sharp stinger.


Message History

Casting: Necrotise (safe; 1% risk of failure)
Confirm with . or Enter, or press ? or * to list all spells.
Aiming: Vampiric Draining (safe; 1% risk of failure)
Press: ? - help, Shift-Dir - straight line, f/p - orc warrior
Aim: an orc warrior, wielding a +2 vampiric hand axe and wearing a +0 plate armour (moderately wounded, ally target)
You draw life force from the orc warrior.
You feel life coursing into your body.
The orc warrior hits you with a +2 vampiric hand axe!
The orc warrior draws strength from your wounds!
The orc warrior hits your orc skeleton with a +2 vampiric hand axe!
Your orc skeleton is destroyed!
Casting: Vampiric Draining (safe; 1% risk of failure)
Confirm with . or Enter, or press ? or * to list all spells.
Aiming: Vampiric Draining (safe; 1% risk of failure)
Press: ? - help, Shift-Dir - straight line, f/p - orc warrior
Aim: an orc warrior, wielding a +2 vampiric hand axe and wearing a +0 plate armour (moderately wounded, ally target)
You draw life force from the orc warrior!
You feel life coursing into your body.
The orc warrior hits you with a +2 vampiric hand axe!
* * * LOW HITPOINT WARNING * * *
The orc warrior hits your orc skeleton with a +2 vampiric hand axe!
Your orc skeleton is destroyed!
As you read the scroll of teleportation, it crumbles to dust.
You feel strangely unstable.
The orc warrior hits you with a +2 vampiric hand axe.
* * * LOW HITPOINT WARNING * * *
Casting: Vampiric Draining (safe; 1% risk of failure)
Confirm with . or Enter, or press ? or * to list all spells.
Aiming: Vampiric Draining (safe; 1% risk of failure)
Press: ? - help, Shift-Dir - straight line, f - orc, p - orc warrior
Aim: an orc, wielding a +0 club and wearing a +0 leather armour You draw life force from the orc.
You feel life coursing into your body.
The orc warrior hits you with a +2 vampiric hand axe!
* * * LOW HITPOINT WARNING * * *
The orc warrior draws strength from your wounds!
The orc hits you but does no damage. The orc attacks as you move away!
The orc barely misses you.
The orc warrior attacks as you move away!
The orc warrior hits you with a +2 vampiric hand axe!
You die...

#.......##....'....#
#.......##..(##...##
#.......#######...##
#.....<.+..........+
#.......#..........#
#.......#.)))......#
... ###'###...##
....####o).##...#
......).o@).#.....
......)....)#......
...$........#......
............# ....
....##.....## ####
#.....# +......
#......# #.....)#


You could see an orc warrior and an orc.

Vanquished Creatures
  Joseph (D:8)
  A wyvern (D:8)
  Duvessa (D:5)
  A water moccasin (D:6)
  A sky beast (D:7)
  An ice beast (D:5)
  3 ogres
  A centaur (D:8)
  2 phantoms
  A necrophage (D:5)
  A scorpion (D:7)
  Dowan (D:5)
  3 killer bees
  4 hounds
  2 gnoll boudas
  A jelly (D:4)
  8 orc priests
  Crazy Yiuf (D:2)
  2 iguanas
  7 orc wizards
  3 adders
  7 gnolls
  3 shadow imps
  3 worms
  3 dart slugs
  20 orcs
  10 endoplasms
  4 giant cockroaches
  2 goblins
  8 hobgoblins
  4 jackals (D:2)
  2 quokkas
  8 ball pythons
  4 bats
  2 frilled lizards
  A goblin skeleton (D:6)
  A hobgoblin zombie (D:6)
  6 kobolds
  A kobold skeleton (D:6)
  A kobold zombie (D:6)
  An orc skeleton (D:6)
  5 rats
142 creatures vanquished.

Vanquished Creatures (collateral kills)
  An ice beast (D:5)
  A phantom (D:5)
  A gnoll (D:7)
  An orc (D:4)
  A hobgoblin (D:2)
  A goblin (D:1)
  A goblin zombie (D:6)
  2 hobgoblin zombies (D:6)
  2 kobold skeletons (D:6)
11 creatures vanquished.

Vanquished Creatures (others)
  An ice beast zombie (D:5)
  An iguana zombie (D:6)
  5 orc zombies
  An endoplasm zombie (D:4)
  4 gnoll zombies (D:7)
  130 foxfires
142 creatures vanquished.

Grand Total: 295 creatures vanquished

Notes
Turn   | Place    | Note
-------+----------+-------------------------------------------
     0 | D:1      | Ashen the Demonspawn Necromancer began the quest for the
                  | Orb.
     0 | D:1      | Reached XP level 1. HP: 13/13 MP: 3/3
   103 | D:1      | Gained mutation: Your movements are slightly less
                  | encumbered by armour. (ER -2) [demonic ancestry]
   103 | D:1      | Reached XP level 2. HP: 19/19 MP: 1/5
  1292 | D:2      | Gained mutation: Your movements are less encumbered by
                  | armour. (ER -4) [demonic ancestry]
  1292 | D:2      | Reached XP level 3. HP: 25/25 MP: 3/6
  1866 | D:2      | Found a runed translucent door.
  2006 | D:3      | Reached skill level 1 in Fighting
  2166 | D:3      | Learned a level 3 spell: Vampiric Draining
  2177 | D:3      | Reached XP level 4. HP: 32/32 MP: 1/7
  2454 | D:3      | Reached skill level 5 in Necromancy
  2905 | D:3      | Found a shimmering blue altar of Sif Muna.
  2931 | D:3      | Reached XP level 5. HP: 37/37 MP: 6/9
  2943 | D:3      | Learned a level 4 spell: Animate Dead
  3011 | D:3      | Found a radiant altar of Vehumet.
  3017 | D:3      | Became a worshipper of Vehumet
  4159 | D:4      | Gained mutation: You sometimes gain a little power by
                  | taking damage. [demonic ancestry]
  4159 | D:4      | Reached XP level 6. HP: 44/44 MP: 8/10
  4972 | D:5      | Entered Level 5 of the Dungeon
  4972 | D:5      | Found a bloodstained altar of Trog.
  4974 | D:5      | Found an ornate altar of the Wu Jian Council.
  5045 | D:5      | Reached * piety under Vehumet
  5045 | D:5      | Offered knowledge of Foxfire by Vehumet.
  5069 | D:4      | Learned a level 1 spell: Foxfire
  5174 | D:5      | Noticed an ice beast
  5192 | D:5      | Killed an ice beast
  5392 | D:5      | Reached XP level 7. HP: 8/51 MP: 3/12
  5670 | D:5      | Reached skill level 1 in Conjurations
  5816 | D:5      | Noticed Duvessa
  5816 | D:5      | Noticed Dowan
  6018 | D:5      | Killed Duvessa
  6019 | D:5      | Reached skill level 6 in Necromancy
  6690 | D:5      | Found a blossoming altar of Fedhas.
  6700 | D:5      | Found a shadowy altar of Dithmenos.
  6700 | D:5      | Found an opulent altar of Gozag.
  6752 | D:5      | Killed Dowan
  6887 | D:5      | Gained mutation: You have a small tail. [demonic ancestry]
  6887 | D:5      | Reached XP level 8. HP: 57/58 MP: 9/13
  7100 | D:6      | Learned a level 2 spell: Blink
  7119 | D:6      | Found a staircase to the Ecumenical Temple.
  9059 | D:6      | Reached skill level 5 in Stealth
  9532 | D:7      | Reached skill level 7 in Necromancy
  9554 | D:7      | Found a sacrificial altar of Ru.
 10239 | D:7      | Gained mutation: You have a tail ending in a sharp stinger.
                  | [demonic ancestry]
 10239 | D:7      | Reached XP level 9. HP: 63/66 MP: 10/16
 10322 | D:7      | Reached ** piety under Vehumet
 10322 | D:7      | Offered knowledge of Searing Ray by Vehumet.
 10329 | D:7      | Learned a level 2 spell: Searing Ray
 10419 | D:7      | Reached skill level 5 in Dodging
 10758 | D:2      | Noticed Crazy Yiuf
 10765 | D:2      | Killed Crazy Yiuf
 10766 | D:2      | Reached skill level 5 in Spellcasting
 10813 | D:2      | Found a faded altar of an unknown god.
 11296 | D:8      | Reached skill level 5 in Fighting
 11390 | D:8      | Learned a level 2 spell: Sublimation of Blood
 11443 | D:8      | Noticed Joseph
 11467 | D:8      | Killed Joseph
 11543 | D:8      | Slain by an orc warrior

Illustrated notes

Levels and vault maps discovered:
D:1:      amcnicky_arrival_flooded_fountain, layout_loops_corners
D:2:      layout_basic, shapermc_ecumenical_altar_petra,
          nicolae_figureground_sparkle, uniq_crazy_yiuf_cottage
D:3:      layout_basic, nicolae_sif_muna_little_library,
          mainiacjoe_overflow_paths, serial_co_window_serial,
          co_window_of_opportunity_a, co_window_corner_a, co_window_paths_a,
          co_window_of_opportunity_a, co_window_of_opportunity_a,
          co_window_cross_3, co_window_unsneaky_path_c, co_window_corner_b,
          co_window_cross_4, co_window_unsneaky_path_c,
          co_window_of_opportunity_c, co_window_paths_d, glass_columns_a,
          glass_columns_a, glass_columns_a, glass_columns_c, glass_columns_b
D:4:      layout_layer_cave
D:5:      dreamdust_elfheim, layout_loops_cross, grunt_temple_overflow_open,
          mainiacjoe_overflow_brackets, gammafunk_temple_overflow_wave
D:6:      layout_layer_cave, nicolae_tso_besieged_by_evil,
          minmay_temple_entry_waves
D:7:      layout_loops_ring, kennysheep_mini, mainiacjoe_overflow_chevrons
D:8:      layout_gridville, mainiacjoe_overflow_small_starburst, uniq_joseph,
          uniq_maurice

Skill      XL: |  1  2  3  4  5  6  7  8  9 |
---------------+----------------------------+-----
Dodging        | 2 3 4 5 |  5.4
Stealth        | 2 3 4 5 |  5.0
Fighting       | 1 2 3 4 5 |  5.2
Necromancy     | 5 6 7 |  7.6
Spellcasting   | 3 4 5 |  5.3
Conjurations   | 2 3 4 |  4.4

Action                   |  1- 3 |  4- 6 |  7- 9 || total
-------------------------+-------+-------+-------++-------
Melee: Unarmed           |     7 |       |       ||     7
       Short sword       |    12 |    51 |   176 ||   239
       Punch             |       |     1 |     2 ||     3
       Tailslap          |       |       |    22 ||    22
 Cast: Necrotise         |    67 |    85 |    55 ||   207
       Animate Dead      |       |     3 |     7 ||    10
       Vampiric Draining |       |     1 |    39 ||    40
       Foxfire           |       |    18 |    53 ||    71
       Blink             |       |       |     1 ||     1
       Searing Ray       |       |       |     2 ||     2
  Use: Potion            |       |     1 |     1 ||     2
       Scroll            |       |       |     2 ||     2
 Stab: Sleeping          |     3 |       |     2 ||     5
Armor: Robe              |     4 |       |       ||     4
       Leather armour    |       |    20 |    55 ||    75
Dodge: Dodged            |    20 |    38 |   171 ||   229
